[ AOE2 MATCH · #459747548 ]
Team RMTeutons vs Italians
[ REPLAY ANALYSIS · EXTRACTED FROM THE RECORDED GAME ]
Feudal
16:14
Castle
27:24
Imperial
—
| APM avg | 8.9 |
| APM peak | 25 |
| eAPM avg | 6.7 |
| Villagers / military | 67 / 12 |
Focus
⚔️ 15.7% · 🌾 84.3%
Trade Cart ×15 · Fishing Ship ×14 · Fire Galley ×5 · Demolition Raft ×4 · Monk ×3
Feudal
15:04
Castle
20:56
Imperial
—
| APM avg | 27.0 |
| APM peak | 51 |
| eAPM avg | 20.4 |
| Villagers / military | 63 / 56 |
Focus
⚔️ 16.5% · 🌾 83.5%
Ratha (Ranged) ×33 · Fishing Ship ×22 · Armored Elephant ×10 · Fire Galley ×8 · Demolition Raft ×2 · Monk ×2
Feudal
12:54
Castle
18:22
Imperial
26:25
| APM avg | 31.3 |
| APM peak | 76 |
| eAPM avg | 16.5 |
| Villagers / military | 42 / 98 |
Focus
⚔️ 40.8% · 🌾 59.2%
Jaguar Warrior ×80 · Fishing Ship ×21 · Battering Ram ×10 · Transport Ship ×6 · Monk ×2
Feudal
10:46
Castle
20:10
Imperial
30:25
| APM avg | 16.9 |
| APM peak | 54 |
| eAPM avg | 6.6 |
| Villagers / military | 43 / 50 |
Focus
⚔️ 26.8% · 🌾 73.2%
Hussite Wagon ×15 · Spearman ×15 · Fishing Ship ×9 · Fire Galley ×6 · Archer ×5 · Demolition Raft ×3
Feudal
12:33
Castle
17:19
Imperial
30:47
| APM avg | 21.2 |
| APM peak | 49 |
| eAPM avg | 16.5 |
| Villagers / military | 98 / 181 |
Focus
⚔️ 24.5% · 🌾 75.5%
Spearman ×95 · Fishing Ship ×69 · Genoese Crossbowman ×39 · Bombard Cannon ×26 · Fire Galley ×10 · Unknown (882) ×7
Feudal
15:10
Castle
22:50
Imperial
35:22
| APM avg | 16.8 |
| APM peak | 32 |
| eAPM avg | 11.2 |
| Villagers / military | 116 / 70 |
Focus
⚔️ 18.9% · 🌾 81.1%
Gbeto ×51 · Fishing Ship ×27 · Fire Galley ×18 · Spearman ×1
Match map
Initial resources + every placement click. Lines = walls · curves = elevation contours. ◆ gold · ⬟ stone · ● berries · ✦ relic · ◌ wall gap
Your base· ✓ Map-separated
Onkel Peter's base· ✓ Map-separated
boromir7222's base· ✓ Map-separated
ouronur's base· ✓ Map-separated
Filtravis's base· ✓ Map-separated
Inkencamilla's base· ✓ Map-separated
Smoothed initial terrain · ◌ = detected wall gap · hover for details
Inputs per minute
— iletisimmehmetcn - - Onkel Peter
Build order — iletisimmehmetcn
First 150 of 193 actions detected
| 6:49 | Build | Town Center |
| 7:59 | Create | Villager (Male) |
| 7:59 | Create | Villager (Male) |
| 8:00 | Create | Villager (Male) |
| 8:00 | Create | Villager (Male) |
| 8:08 | Build | House |
| 8:15 | Build | House |
| 8:17 | Build | House |
| 9:48 | Build | Dock |
| 10:04 | Create | Villager (Male) |
| 10:04 | Create | Villager (Male) |
| 10:34 | Build | Palisade Gate |
| 10:45 | Create | Villager (Male) |
| 10:45 | Create | Villager (Male) |
| 10:45 | Create | Villager (Male) |
| 10:54 | Create | Fishing Ship |
| 10:55 | Create | Fishing Ship |
| 10:55 | Create | Fishing Ship |
| 10:55 | Create | Fishing Ship |
| 10:55 | Create | Fishing Ship |
| 10:55 | Create | Fishing Ship |
| 11:23 | Build | Lumber Camp |
| 13:07 | Build | Mill |
| 14:04 | Research | Feudal Age |
| 14:24 | Build | Palisade Gate |
| 14:59 | Build | House |
| 15:04 | Build | House |
| 15:06 | Build | House |
| 15:33 | Create | Fishing Ship |
| 15:34 | Create | Fishing Ship |
| 15:34 | Create | Fishing Ship |
| 15:34 | Create | Fishing Ship |
| 15:34 | Create | Fishing Ship |
| 15:48 | Create | Villager (Male) |
| 15:48 | Create | Villager (Male) |
| 15:48 | Create | Villager (Male) |
| 15:48 | Create | Villager (Male) |
| 15:49 | Create | Villager (Male) |
| 15:49 | Create | Villager (Male) |
| 16:14 | Age | Feudal Age |
| 16:15 | Research | Double-Bit Axe |
| 16:21 | Research | Horse Collar |
| 17:06 | Build | House |
| 17:08 | Build | House |
| 17:29 | Build | Farm |
| 17:36 | Build | Farm |
| 17:55 | Build | Palisade Gate |
| 18:08 | Build | Farm |
| 18:11 | Build | Farm |
| 18:55 | Build | House |
| 18:57 | Build | House |
| 19:04 | Build | Palisade Gate |
| 19:26 | Create | Villager (Male) |
| 19:26 | Create | Villager (Male) |
| 19:26 | Create | Villager (Male) |
| 19:27 | Create | Villager (Male) |
| 19:27 | Create | Villager (Male) |
| 19:28 | Create | Villager (Male) |
| 19:28 | Create | Villager (Male) |
| 20:04 | Build | Mining Camp |
| 20:22 | Build | Farm |
| 20:24 | Build | Farm |
| 20:41 | Create | Demolition Raft |
| 20:56 | Build | Dock |
| 21:24 | Build | Farm |
| 21:24 | Build | Farm |
| 21:43 | Build | Blacksmith |
| 22:10 | Build | House |
| 22:12 | Build | House |
| 22:13 | Build | House |
| 22:15 | Build | House |
| 22:17 | Build | House |
| 22:29 | Build | Farm |
| 22:30 | Build | Farm |
| 23:27 | Build | Market |
| 23:48 | Build | Lumber Camp |
| 24:17 | Build | House |
| 24:18 | Build | House |
| 24:20 | Build | House |
| 24:22 | Build | House |
| 24:23 | Build | House |
| 24:29 | Build | House |
| 24:37 | Build | House |
| 24:44 | Research | Castle Age |
| 25:51 | Create | Trade Cart |
| 25:52 | Create | Trade Cart |
| 25:52 | Create | Trade Cart |
| 26:21 | Create | Villager (Male) |
| 26:22 | Create | Villager (Male) |
| 26:22 | Create | Villager (Male) |
| 26:22 | Create | Villager (Male) |
| 26:22 | Create | Villager (Male) |
| 26:23 | Create | Villager (Male) |
| 26:29 | Research | Forging |
| 26:31 | Research | Scale Barding Armor |
| 26:34 | Research | Scale Mail Armor |
| 26:53 | Create | Trade Cart |
| 26:54 | Create | Trade Cart |
| 27:24 | Age | Castle Age |
| 27:25 | Research | Bow Saw |
| 27:28 | Research | Heavy Plow |
| 28:17 | Build | Town Center |
| 28:36 | Research | Gold Mining |
| 28:37 | Research | Stone Mining |
| 28:54 | Build | Mining Camp |
| 29:15 | Build | House |
| 29:17 | Build | House |
| 29:18 | Build | House |
| 29:20 | Build | House |
| 29:21 | Build | House |
| 29:23 | Build | House |
| 29:41 | Create | Demolition Raft |
| 29:41 | Create | Demolition Raft |
| 29:42 | Create | Demolition Raft |
| 30:37 | Create | Villager (Male) |
| 30:37 | Create | Villager (Male) |
| 30:38 | Create | Villager (Male) |
| 30:38 | Create | Villager (Male) |
| 31:33 | Build | Town Center |
| 31:50 | Build | Monastery |
| 31:58 | Build | Farm |
| 32:04 | Research | Stone Shaft Mining |
| 32:49 | Create | Monk |
| 32:50 | Create | Monk |
| 33:43 | Create | Villager (Male) |
| 33:44 | Create | Villager (Male) |
| 33:44 | Create | Villager (Male) |
| 33:44 | Create | Villager (Male) |
| 33:44 | Create | Villager (Male) |
| 33:45 | Create | Villager (Male) |
| 33:45 | Create | Villager (Male) |
| 34:14 | Create | Trade Cart |
| 34:14 | Create | Trade Cart |
| 34:14 | Create | Trade Cart |
| 34:59 | Create | Monk |
| 35:17 | Build | House |
| 35:18 | Build | House |
| 35:21 | Build | House |
| 35:28 | Build | House |
| 35:36 | Build | Farm |
| 35:38 | Create | Villager (Male) |
| 35:38 | Create | Villager (Male) |
| 35:40 | Create | Villager (Male) |
| 35:40 | Create | Villager (Male) |
| 35:41 | Create | Villager (Male) |
| 35:41 | Create | Villager (Male) |
| 35:41 | Create | Villager (Male) |
| 35:50 | Create | Villager (Male) |
| 35:50 | Create | Villager (Male) |
| 35:50 | Create | Villager (Male) |
Build order — Onkel Peter
First 150 of 227 actions detected
| 1:37 | Build | Town Center |
| 2:21 | Build | House |
| 2:22 | Build | House |
| 2:25 | Create | Villager (Male) |
| 2:25 | Create | Villager (Male) |
| 3:10 | Create | Villager (Male) |
| 3:31 | Create | Villager (Male) |
| 4:17 | Build | Dock |
| 4:21 | Create | Villager (Male) |
| 4:41 | Create | Villager (Male) |
| 5:08 | Create | Fishing Ship |
| 5:17 | Build | House |
| 5:18 | Build | House |
| 5:21 | Create | Fishing Ship |
| 5:24 | Create | Villager (Male) |
| 5:55 | Build | Mill |
| 6:00 | Create | Villager (Male) |
| 6:04 | Create | Villager (Male) |
| 6:06 | Create | Fishing Ship |
| 6:21 | Build | House |
| 6:25 | Create | Villager (Male) |
| 6:39 | Build | Farm |
| 7:02 | Build | Lumber Camp |
| 7:09 | Create | Villager (Male) |
| 7:21 | Create | Fishing Ship |
| 7:45 | Build | Farm |
| 7:49 | Create | Villager (Male) |
| 7:50 | Create | Villager (Male) |
| 7:59 | Create | Fishing Ship |
| 8:39 | Build | Barracks |
| 8:43 | Create | Villager (Male) |
| 8:43 | Create | Villager (Male) |
| 8:54 | Build | House |
| 8:55 | Build | House |
| 8:58 | Create | Fishing Ship |
| 9:07 | Create | Villager (Male) |
| 9:23 | Build | House |
| 9:30 | Build | House |
| 9:47 | Build | Dock |
| 9:51 | Create | Villager (Male) |
| 10:15 | Build | Mining Camp |
| 10:25 | Create | Villager (Male) |
| 10:29 | Create | Villager (Male) |
| 10:35 | Create | Fishing Ship |
| 10:35 | Create | Fishing Ship |
| 10:58 | Create | Villager (Male) |
| 11:09 | Build | Dock |
| 11:11 | Build | House |
| 11:12 | Build | House |
| 11:25 | Build | Lumber Camp |
| 11:30 | Create | Villager (Male) |
| 11:45 | Build | Farm |
| 11:57 | Build | House |
| 11:58 | Build | House |
| 12:00 | Build | House |
| 12:07 | Create | Fishing Ship |
| 12:07 | Create | Fishing Ship |
| 12:18 | Create | Fishing Ship |
| 12:18 | Create | Fishing Ship |
| 12:23 | Build | Farm |
| 12:28 | Create | Villager (Male) |
| 12:42 | Build | Farm |
| 12:54 | Research | Feudal Age |
| 13:01 | Create | Fishing Ship |
| 13:02 | Create | Fishing Ship |
| 13:09 | Build | Outpost |
| 13:11 | Build | Outpost |
| 13:31 | Research | Loom |
| 13:58 | Build | Palisade Wall |
| 14:06 | Create | Fishing Ship |
| 14:06 | Create | Fishing Ship |
| 14:41 | Build | Mining Camp |
| 15:04 | Age | Feudal Age |
| 15:11 | Build | Market |
| 15:20 | Build | Blacksmith |
| 15:28 | Create | Fire Galley |
| 15:28 | Create | Fire Galley |
| 15:38 | Build | House |
| 15:40 | Build | House |
| 15:41 | Build | House |
| 15:58 | Research | Double-Bit Axe |
| 16:01 | Create | Villager (Male) |
| 16:01 | Create | Villager (Male) |
| 16:08 | Research | Horse Collar |
| 16:22 | Create | Fire Galley |
| 16:30 | Create | Fire Galley |
| 16:59 | Build | Farm |
| 17:51 | Create | Fire Galley |
| 17:51 | Create | Fire Galley |
| 18:16 | Research | Castle Age |
| 18:24 | Create | Fire Galley |
| 18:24 | Create | Fire Galley |
| 18:52 | Build | Fish Trap |
| 19:02 | Build | Fish Trap |
| 19:12 | Research | Gold Mining |
| 19:17 | Create | Villager (Male) |
| 19:18 | Create | Villager (Male) |
| 20:03 | Build | Watch Tower |
| 20:10 | Create | Villager (Male) |
| 20:56 | Age | Castle Age |
| 21:01 | Build | Castle |
| 21:07 | Research | Bow Saw |
| 21:30 | Create | Galley |
| 21:44 | Research | Heavy Plow |
| 22:03 | Create | Villager (Male) |
| 22:06 | Create | Ratha (Ranged) |
| 22:06 | Create | Ratha (Ranged) |
| 22:23 | Build | Town Center |
| 22:30 | Create | Villager (Male) |
| 22:37 | Create | Fishing Ship |
| 22:37 | Create | Fishing Ship |
| 22:55 | Create | Ratha (Ranged) |
| 22:55 | Create | Ratha (Ranged) |
| 23:18 | Create | Villager (Male) |
| 23:18 | Create | Villager (Male) |
| 23:30 | Create | Ratha (Ranged) |
| 23:31 | Create | Ratha (Ranged) |
| 24:02 | Build | Fish Trap |
| 24:09 | Build | Fish Trap |
| 24:10 | Create | Demolition Raft |
| 24:11 | Create | Demolition Raft |
| 24:16 | Create | Fishing Ship |
| 24:16 | Create | Fishing Ship |
| 24:16 | Create | Fishing Ship |
| 24:16 | Create | Fishing Ship |
| 24:25 | Create | Ratha (Ranged) |
| 24:25 | Create | Ratha (Ranged) |
| 24:37 | Create | Villager (Male) |
| 24:37 | Create | Villager (Male) |
| 24:47 | Create | Ratha (Ranged) |
| 24:47 | Create | Ratha (Ranged) |
| 24:55 | Build | Siege Workshop |
| 25:05 | Create | Villager (Male) |
| 25:05 | Create | Villager (Male) |
| 25:09 | Build | Farm |
| 25:11 | Build | Farm |
| 25:36 | Create | Villager (Male) |
| 25:36 | Create | Villager (Male) |
| 25:48 | Create | Villager (Male) |
| 25:48 | Create | Villager (Male) |
| 25:55 | Create | Villager (Male) |
| 25:56 | Create | Villager (Male) |
| 26:12 | Create | Monk |
| 26:37 | Create | Villager (Male) |
| 26:37 | Create | Villager (Male) |
| 26:55 | Build | Farm |
| 27:11 | Create | Ratha (Ranged) |
| 27:11 | Create | Ratha (Ranged) |
| 27:12 | Create | Armored Elephant |
| 27:13 | Create | Armored Elephant |
Build order — boromir7222
First 150 of 256 actions detected
| 0:28 | Build | Dock |
| 1:41 | Build | House |
| 2:07 | Build | Town Center |
| 2:30 | Build | House |
| 3:02 | Create | Villager (Male) |
| 3:03 | Create | Villager (Male) |
| 3:03 | Create | Villager (Male) |
| 3:04 | Create | Villager (Male) |
| 4:22 | Create | Fishing Ship |
| 4:32 | Create | Villager (Male) |
| 4:57 | Create | Villager (Male) |
| 5:11 | Create | Fishing Ship |
| 5:22 | Build | House |
| 5:40 | Create | Villager (Male) |
| 5:51 | Create | Fishing Ship |
| 5:58 | Create | Villager (Male) |
| 6:04 | Build | House |
| 6:22 | Create | Villager (Male) |
| 6:36 | Build | Mill |
| 6:42 | Create | Villager (Male) |
| 6:49 | Create | Fishing Ship |
| 7:04 | Build | Dock |
| 7:06 | Create | Villager (Male) |
| 7:26 | Create | Villager (Male) |
| 7:28 | Create | Villager (Male) |
| 7:59 | Build | House |
| 8:07 | Create | Villager (Male) |
| 8:07 | Create | Villager (Male) |
| 8:08 | Create | Villager (Male) |
| 8:15 | Create | Transport Ship |
| 8:19 | Create | Fishing Ship |
| 8:38 | Create | Villager (Male) |
| 8:57 | Create | Villager (Male) |
| 9:05 | Build | Mill |
| 9:27 | Build | Lumber Camp |
| 9:37 | Build | House |
| 9:39 | Build | House |
| 9:56 | Create | Transport Ship |
| 10:02 | Create | Transport Ship |
| 10:08 | Create | Transport Ship |
| 10:44 | Research | Feudal Age |
| 10:48 | Build | House |
| 11:00 | Research | Loom |
| 11:13 | Create | Fishing Ship |
| 11:13 | Create | Fishing Ship |
| 11:14 | Create | Fishing Ship |
| 11:24 | Create | Fishing Ship |
| 11:24 | Create | Fishing Ship |
| 11:42 | Build | Dock |
| 12:18 | Create | Fishing Ship |
| 12:33 | Build | Dock |
| 12:39 | Create | Fishing Ship |
| 12:42 | Create | Transport Ship |
| 12:45 | Build | House |
| 12:54 | Age | Feudal Age |
| 13:22 | Build | Blacksmith |
| 13:37 | Build | Market |
| 13:55 | Build | Mining Camp |
| 14:02 | Research | Wheelbarrow |
| 14:07 | Research | Double-Bit Axe |
| 14:33 | Build | Mining Camp |
| 15:00 | Research | Gold Mining |
| 15:06 | Research | Stone Mining |
| 15:08 | Create | Villager (Male) |
| 15:19 | Build | House |
| 15:35 | Research | Castle Age |
| 15:59 | Create | Fishing Ship |
| 16:07 | Create | Fishing Ship |
| 16:40 | Create | Fishing Ship |
| 16:45 | Create | Transport Ship |
| 16:48 | Build | House |
| 16:52 | Build | House |
| 16:54 | Create | Villager (Male) |
| 17:02 | Research | Horse Collar |
| 17:12 | Research | Fletching |
| 17:13 | Research | Scale Mail Armor |
| 17:14 | Research | Forging |
| 17:44 | Create | Villager (Male) |
| 18:01 | Build | Lumber Camp |
| 18:12 | Build | Lumber Camp |
| 18:22 | Age | Castle Age |
| 18:25 | Build | Dock |
| 18:41 | Research | Hand Cart |
| 18:53 | Create | Monk |
| 19:02 | Research | Gold Shaft Mining |
| 19:07 | Research | Stone Shaft Mining |
| 19:15 | Research | Bow Saw |
| 19:25 | Build | House |
| 19:28 | Create | Fishing Ship |
| 20:03 | Create | Monk |
| 20:11 | Create | Fishing Ship |
| 20:16 | Build | House |
| 20:18 | Build | House |
| 20:20 | Build | House |
| 20:21 | Build | House |
| 20:29 | Create | Villager (Male) |
| 20:30 | Create | Villager (Male) |
| 20:31 | Create | Villager (Male) |
| 21:02 | Build | Castle |
| 21:28 | Build | Town Center |
| 21:48 | Build | Mining Camp |
| 22:01 | Create | Villager (Male) |
| 22:01 | Create | Villager (Male) |
| 22:01 | Create | Villager (Male) |
| 22:02 | Create | Villager (Male) |
| 22:11 | Research | Heavy Plow |
| 22:38 | Build | Barracks |
| 23:12 | Build | Farm |
| 23:15 | Research | Imperial Age |
| 23:58 | Research | Arson |
| 23:59 | Research | Squires |
| 24:19 | Build | Mining Camp |
| 25:28 | Build | House |
| 25:29 | Build | House |
| 25:33 | Build | House |
| 25:38 | Create | Fishing Ship |
| 25:44 | Create | Fishing Ship |
| 26:02 | Create | Fishing Ship |
| 26:08 | Create | Fishing Ship |
| 26:25 | Age | Imperial Age |
| 26:28 | Create | Villager (Male) |
| 26:28 | Create | Villager (Male) |
| 26:29 | Create | Villager (Male) |
| 26:34 | Research | Conscription |
| 26:36 | Research | Garland Wars |
| 27:38 | Build | Farm |
| 27:57 | Build | Farm |
| 28:02 | Build | Farm |
| 28:31 | Build | Castle |
| 29:08 | Build | Castle |
| 29:13 | Create | Villager (Male) |
| 29:13 | Create | Villager (Male) |
| 29:13 | Create | Villager (Male) |
| 29:14 | Create | Villager (Male) |
| 29:19 | Research | Chain Mail Armor |
| 29:20 | Research | Iron Casting |
| 29:32 | Research | Elite Jaguar Warrior (upgrade) |
| 30:03 | Build | Mining Camp |
| 30:23 | Research | Plate Mail Armor |
| 30:42 | Build | Farm |
| 30:44 | Build | Farm |
| 30:47 | Build | Farm |
| 30:58 | Build | Farm |
| 31:01 | Build | Farm |
| 31:13 | Build | Farm |
| 31:17 | Build | Farm |
| 31:21 | Build | Farm |
| 31:26 | Build | Farm |
| 31:28 | Create | Villager (Male) |
| 31:28 | Create | Villager (Male) |
Build order — ouronur
108 actions detected in the replay
| 2:59 | Build | Town Center |
| 3:40 | Build | Dock |
| 3:54 | Build | House |
| 4:21 | Build | House |
| 4:25 | Create | Villager (Male) ×4 |
| 5:01 | Create | Villager (Male) |
| 5:07 | Create | Fishing Ship |
| 5:07 | Create | Fishing Ship |
| 5:26 | Build | House |
| 5:50 | Create | Villager (Male) |
| 5:57 | Create | Fishing Ship |
| 6:14 | Create | Villager (Male) ×2 |
| 7:28 | Build | Mill |
| 8:25 | Build | Barracks |
| 8:36 | Research | Feudal Age |
| 8:55 | Build | House |
| 9:24 | Create | Fishing Ship |
| 10:46 | Age | Feudal Age |
| 10:58 | Build | Stable |
| 11:03 | Create | Villager (Male) ×5 |
| 11:08 | Research | Loom |
| 11:17 | Build | Mining Camp |
| 11:46 | Build | Market |
| 11:56 | Create | Scout Cavalry |
| 12:05 | Build | Farm |
| 12:36 | Create | Scout Cavalry |
| 13:01 | Create | Villager (Male) ×5 |
| 13:25 | Build | House |
| 13:29 | Build | House |
| 13:30 | Build | House |
| 14:07 | Build | Blacksmith |
| 14:13 | Build | House |
| 14:56 | Create | Fire Galley |
| 14:57 | Create | Fire Galley |
| 14:57 | Create | Fire Galley |
| 16:22 | Create | Villager (Male) |
| 16:22 | Create | Villager (Male) |
| 16:33 | Build | Mining Camp |
| 16:43 | Build | Stone Wall |
| 16:48 | Build | Gate |
| 17:30 | Research | Castle Age |
| 18:55 | Create | Fire Galley |
| 18:55 | Create | Fire Galley |
| 18:55 | Create | Fire Galley |
| 19:37 | Research | Double-Bit Axe |
| 19:51 | Build | Dock |
| 20:10 | Age | Castle Age |
| 20:36 | Research | Tech 905 |
| 20:41 | Create | Demolition Raft ×3 |
| 20:49 | Research | Horse Collar |
| 20:53 | Create | Villager (Male) ×5 |
| 22:03 | Build | Castle |
| 22:13 | Create | Monk |
| 22:25 | Create | Villager (Male) ×5 |
| 22:58 | Build | Dock |
| 23:09 | Research | Bow Saw |
| 24:22 | Create | Hussite Wagon ×5 |
| 24:55 | Build | Town Center |
| 26:27 | Build | Farm |
| 26:28 | Build | Farm |
| 26:28 | Build | Farm |
| 26:29 | Build | Farm |
| 26:31 | Build | Farm |
| 26:33 | Build | Farm |
| 26:34 | Build | Farm |
| 26:35 | Build | Farm |
| 27:15 | Research | Imperial Age |
| 28:43 | Create | Villager (Male) ×5 |
| 28:52 | Build | Monastery |
| 28:56 | Build | Farm |
| 28:58 | Build | Farm |
| 29:34 | Create | Monk |
| 30:03 | Create | Hussite Wagon ×5 |
| 30:16 | Build | University |
| 30:20 | Research | Pikeman (upgrade) |
| 30:20 | Research | Squires |
| 30:21 | Create | Spearman ×5 |
| 30:25 | Age | Imperial Age |
| 30:28 | Create | Trebuchet (Packed) |
| 31:09 | Create | Villager (Male) |
| 31:09 | Create | Villager (Male) |
| 31:09 | Create | Villager (Male) |
| 31:18 | Build | Lumber Camp |
| 31:51 | Research | Chemistry |
| 31:53 | Research | Ballistics |
| 32:06 | Build | Castle |
| 32:13 | Build | Siege Workshop |
| 32:26 | Research | Elite Hussite Wagon (upgrade) |
| 32:27 | Create | Hussite Wagon |
| 33:06 | Create | Spearman ×5 |
| 34:01 | Create | Fishing Ship ×5 |
| 34:23 | Create | Hussite Wagon ×2 |
| 34:41 | Research | Wagenburg Tactics |
| 34:55 | Build | Archery Range |
| 35:49 | Research | Crossbowman (upgrade) |
| 35:50 | Create | Archer ×5 |
| 36:00 | Create | Bombard Cannon |
| 36:19 | Create | Villager (Male) ×5 |
| 36:29 | Build | House |
| 36:30 | Build | House |
| 36:30 | Build | House |
| 36:31 | Build | House |
| 36:32 | Build | House |
| 36:38 | Build | Mining Camp |
| 37:28 | Create | Hussite Wagon |
| 37:29 | Create | Hussite Wagon |
| 37:36 | Research | Murder Holes |
| 37:38 | Create | Spearman ×5 |
Build order — Filtravis
First 150 of 353 actions detected
| 1:19 | Build | Town Center |
| 2:13 | Create | Villager (Male) |
| 2:13 | Create | Villager (Male) |
| 2:13 | Create | Villager (Male) |
| 2:13 | Create | Villager (Male) |
| 2:14 | Create | Villager (Male) |
| 2:16 | Build | House |
| 2:19 | Build | House |
| 2:52 | Build | House |
| 3:01 | Create | Villager (Male) |
| 3:37 | Create | Villager (Male) |
| 3:37 | Create | Villager (Male) |
| 3:54 | Build | Dock |
| 3:55 | Create | Villager (Male) |
| 4:41 | Create | Villager (Male) |
| 4:42 | Create | Villager (Male) |
| 4:42 | Create | Villager (Male) |
| 4:50 | Create | Transport Ship |
| 4:53 | Build | House |
| 5:30 | Create | Transport Ship |
| 5:36 | Create | Fishing Ship |
| 5:37 | Create | Fishing Ship |
| 5:52 | Create | Villager (Male) |
| 5:52 | Create | Villager (Male) |
| 5:52 | Create | Villager (Male) |
| 5:52 | Create | Villager (Male) |
| 5:56 | Build | Dock |
| 6:36 | Build | Mining Camp |
| 6:55 | Build | Mill |
| 7:29 | Build | Lumber Camp |
| 7:32 | Create | Villager (Male) |
| 7:56 | Create | Fishing Ship |
| 8:07 | Build | House |
| 8:13 | Create | Fishing Ship |
| 8:13 | Create | Fishing Ship |
| 8:24 | Create | Fishing Ship |
| 8:29 | Build | House |
| 8:44 | Create | Villager (Male) |
| 8:46 | Create | Villager (Male) |
| 8:49 | Create | Fishing Ship |
| 8:52 | Create | Fishing Ship |
| 9:02 | Build | House |
| 9:25 | Create | Fishing Ship |
| 9:29 | Create | Fishing Ship |
| 9:29 | Create | Fishing Ship |
| 10:14 | Create | Fishing Ship |
| 10:19 | Create | Fishing Ship |
| 10:23 | Research | Feudal Age |
| 10:37 | Build | Lumber Camp |
| 10:42 | Create | Fishing Ship |
| 11:17 | Create | Fishing Ship |
| 11:20 | Create | Fishing Ship |
| 11:43 | Build | Dock |
| 11:48 | Research | Loom |
| 12:09 | Create | Fishing Ship |
| 12:13 | Create | Fishing Ship |
| 12:33 | Age | Feudal Age |
| 12:36 | Build | Blacksmith |
| 12:39 | Create | Fire Galley |
| 12:40 | Create | Fire Galley |
| 12:52 | Create | Fire Galley |
| 12:57 | Build | House |
| 13:29 | Build | Market |
| 13:48 | Create | Villager (Male) |
| 13:48 | Create | Villager (Male) |
| 14:04 | Build | House |
| 14:12 | Create | Fire Galley ×2 |
| 14:12 | Create | Fire Galley ×2 |
| 14:37 | Research | Double-Bit Axe |
| 14:39 | Research | Castle Age |
| 15:08 | Create | Fishing Ship |
| 15:09 | Create | Fishing Ship |
| 15:16 | Create | Fishing Ship |
| 15:23 | Create | Fishing Ship |
| 16:11 | Build | Lumber Camp |
| 16:14 | Build | Lumber Camp |
| 16:32 | Build | House |
| 16:32 | Build | House |
| 16:58 | Create | Fire Galley |
| 16:58 | Create | Fire Galley |
| 16:59 | Create | Fire Galley |
| 17:19 | Age | Castle Age |
| 17:25 | Create | Demolition Raft |
| 17:36 | Research | War Galley (upgrade) |
| 18:04 | Build | Town Center |
| 18:38 | Research | Wheelbarrow |
| 19:25 | Create | Villager (Male) |
| 19:25 | Create | Villager (Male) |
| 19:26 | Create | Villager (Male) |
| 19:27 | Create | Villager (Male) |
| 19:28 | Create | Villager (Male) |
| 19:28 | Create | Villager (Male) |
| 19:45 | Research | Bow Saw |
| 19:45 | Research | Bow Saw |
| 19:54 | Build | Town Center |
| 20:00 | Create | Villager (Male) |
| 20:01 | Create | Villager (Male) |
| 20:39 | Build | Dock |
| 20:45 | Build | Dock |
| 21:05 | Research | Tech 905 |
| 21:05 | Research | Tech 905 |
| 21:05 | Create | Transport Ship |
| 21:05 | Create | Transport Ship |
| 21:06 | Create | Transport Ship |
| 21:12 | Create | Fishing Ship |
| 21:12 | Create | Fishing Ship |
| 21:22 | Create | Fishing Ship |
| 21:23 | Create | Fishing Ship |
| 21:23 | Create | Fishing Ship |
| 21:32 | Create | Fishing Ship |
| 21:32 | Create | Fishing Ship |
| 21:32 | Create | Fishing Ship |
| 21:32 | Create | Fishing Ship |
| 21:42 | Create | Fishing Ship |
| 21:42 | Create | Fishing Ship |
| 21:59 | Build | Town Center |
| 22:14 | Build | Lumber Camp |
| 22:17 | Create | Villager (Male) |
| 22:17 | Create | Villager (Male) |
| 22:19 | Research | Hand Cart |
| 22:20 | Create | Villager (Male) |
| 22:20 | Create | Villager (Male) |
| 22:20 | Create | Villager (Male) |
| 22:21 | Create | Villager (Male) |
| 22:21 | Create | Villager (Male) |
| 22:34 | Create | Villager (Male) |
| 23:28 | Build | Castle |
| 23:37 | Research | Fletching |
| 23:37 | Research | Fletching |
| 23:47 | Build | House |
| 23:47 | Build | House |
| 23:47 | Build | House |
| 23:48 | Build | House |
| 23:48 | Build | House |
| 23:48 | Build | House |
| 23:48 | Build | House |
| 23:49 | Build | House |
| 23:49 | Build | House |
| 23:50 | Build | House |
| 23:50 | Build | House |
| 23:50 | Build | House |
| 23:51 | Build | House |
| 24:31 | Research | Bodkin Arrow |
| 24:33 | Research | Padded Archer Armor |
| 24:52 | Create | Villager (Male) |
| 24:53 | Create | Villager (Male) |
| 24:55 | Create | Villager (Male) |
| 24:55 | Create | Villager (Male) |
| 24:55 | Create | Villager (Male) |
| 24:56 | Create | Villager (Male) |
Build order — Inkencamilla
First 150 of 305 actions detected
| 1:23 | Build | House |
| 3:16 | Build | Town Center |
| 3:50 | Build | House |
| 4:15 | Research | Loom |
| 4:15 | Create | Villager (Male) |
| 4:16 | Create | Villager (Male) |
| 4:16 | Create | Villager (Male) |
| 4:16 | Create | Villager (Male) |
| 4:17 | Create | Villager (Male) |
| 4:37 | Build | House |
| 5:10 | Create | Villager (Male) |
| 5:38 | Create | Villager (Male) |
| 5:38 | Create | Villager (Male) |
| 6:12 | Build | House |
| 6:16 | Create | Villager (Male) |
| 6:25 | Create | Villager (Male) |
| 6:26 | Create | Villager (Male) |
| 6:51 | Build | House |
| 7:03 | Build | Mill |
| 7:07 | Create | Villager (Male) |
| 7:07 | Create | Villager (Male) |
| 7:26 | Create | Villager (Male) |
| 7:26 | Create | Villager (Male) |
| 7:40 | Build | House |
| 7:41 | Build | House |
| 7:49 | Create | Villager (Male) |
| 7:49 | Create | Villager (Male) |
| 7:59 | Build | Dock |
| 8:13 | Create | Villager (Male) |
| 8:30 | Create | Villager (Male) |
| 8:54 | Create | Villager (Male) |
| 8:54 | Create | Villager (Male) |
| 8:56 | Create | Fishing Ship |
| 8:56 | Create | Fishing Ship |
| 9:14 | Build | Dock |
| 9:24 | Build | House |
| 9:26 | Build | House |
| 9:34 | Create | Villager (Male) |
| 9:34 | Create | Villager (Male) |
| 9:34 | Create | Villager (Male) |
| 10:05 | Create | Fishing Ship |
| 10:06 | Create | Fishing Ship |
| 10:16 | Create | Fishing Ship |
| 10:20 | Create | Fishing Ship |
| 10:46 | Create | Fishing Ship |
| 11:09 | Build | House |
| 11:11 | Build | House |
| 11:19 | Create | Fishing Ship |
| 11:20 | Create | Fishing Ship |
| 12:03 | Build | House |
| 12:23 | Research | Feudal Age |
| 12:25 | Create | Fishing Ship |
| 12:26 | Create | Fishing Ship |
| 12:49 | Build | Mining Camp |
| 13:04 | Build | Mining Camp |
| 13:18 | Build | Barracks |
| 13:25 | Create | Fishing Ship |
| 13:25 | Create | Fishing Ship |
| 13:33 | Create | Villager (Male) |
| 13:34 | Create | Villager (Male) |
| 13:34 | Create | Villager (Male) |
| 13:34 | Create | Villager (Male) |
| 13:35 | Create | Villager (Male) |
| 13:35 | Create | Villager (Male) |
| 14:08 | Create | Fishing Ship |
| 14:09 | Create | Fishing Ship |
| 14:11 | Create | Fishing Ship |
| 14:17 | Create | Fishing Ship |
| 15:10 | Age | Feudal Age |
| 15:14 | Research | Horse Collar |
| 15:19 | Research | Double-Bit Axe |
| 15:25 | Research | Gold Mining |
| 15:26 | Research | Stone Mining |
| 15:47 | Build | Gate |
| 15:52 | Build | Stone Wall |
| 16:00 | Create | Fishing Ship |
| 16:00 | Create | Fishing Ship |
| 16:03 | Create | Villager (Male) |
| 16:03 | Create | Villager (Male) |
| 16:03 | Create | Villager (Male) |
| 16:17 | Create | Fishing Ship |
| 16:18 | Create | Fishing Ship |
| 16:33 | Build | Market |
| 16:42 | Research | Wheelbarrow |
| 17:06 | Create | Fishing Ship |
| 17:07 | Create | Fishing Ship |
| 17:10 | Create | Villager (Male) |
| 17:10 | Create | Villager (Male) |
| 17:10 | Create | Villager (Male) |
| 17:37 | Build | Archery Range |
| 17:55 | Build | Blacksmith |
| 18:35 | Create | Fishing Ship |
| 18:36 | Create | Fishing Ship |
| 18:36 | Create | Fishing Ship |
| 18:37 | Create | Fishing Ship |
| 18:49 | Build | House |
| 18:50 | Build | House |
| 18:57 | Research | Forging |
| 18:58 | Research | Fletching |
| 18:58 | Research | Padded Archer Armor |
| 18:59 | Research | Scale Mail Armor |
| 19:03 | Research | Castle Age |
| 20:15 | Create | Fire Galley |
| 20:15 | Create | Fire Galley |
| 20:15 | Create | Fire Galley |
| 20:16 | Create | Fire Galley |
| 20:20 | Create | Fire Galley |
| 20:21 | Create | Fire Galley |
| 20:21 | Create | Fire Galley |
| 20:21 | Create | Fire Galley |
| 21:38 | Create | Villager (Male) |
| 21:39 | Create | Villager (Male) |
| 21:39 | Create | Villager (Male) |
| 21:39 | Create | Villager (Male) |
| 21:40 | Create | Villager (Male) |
| 21:49 | Create | Spearman |
| 22:50 | Age | Castle Age |
| 22:56 | Build | Town Center |
| 23:03 | Build | Town Center |
| 23:31 | Build | Town Center |
| 24:11 | Research | War Galley (upgrade) |
| 24:23 | Research | Iron Casting |
| 24:24 | Research | Bodkin Arrow |
| 24:25 | Research | Leather Archer Armor |
| 24:25 | Research | Chain Mail Armor |
| 24:53 | Create | Villager (Male) |
| 24:54 | Create | Villager (Male) |
| 24:54 | Create | Villager (Male) |
| 24:54 | Create | Villager (Male) |
| 24:55 | Create | Villager (Male) |
| 24:55 | Create | Villager (Male) |
| 25:24 | Build | Farm |
| 25:25 | Build | Farm |
| 25:25 | Build | Farm |
| 25:25 | Build | Farm |
| 25:26 | Build | Farm |
| 25:26 | Build | Farm |
| 25:49 | Build | Castle |
| 26:15 | Create | Villager (Male) |
| 26:15 | Create | Villager (Male) |
| 26:15 | Create | Villager (Male) |
| 26:16 | Create | Villager (Male) |
| 26:25 | Build | Farm |
| 26:26 | Build | Farm |
| 26:59 | Build | Farm |
| 27:01 | Create | Villager (Male) |
| 27:02 | Create | Villager (Male) |
| 27:02 | Create | Villager (Male) |
| 27:02 | Create | Villager (Male) |
| 27:03 | Create | Villager (Male) |
Match timeline
| 0:28 | boromir7222 · first_building Dock |
| 3:40 | ouronur · first_building Dock |
| 3:54 | Filtravis · first_building Dock |
| 4:17 | Onkel Peter · first_building Dock |
| 7:59 | Inkencamilla · first_building Dock |
| 8:25 | ouronur · first_building Barracks |
| 8:39 | Onkel Peter · first_building Barracks |
| 9:48 | iletisimmehmetcn · first_building Dock |
| 10:46 | ouronur · age_up feudal |
| 10:58 | ouronur · first_building Stable |
| 12:33 | Filtravis · age_up feudal |
| 12:54 | boromir7222 · age_up feudal |
| 13:18 | Inkencamilla · first_building Barracks |
| 13:58 | Onkel Peter · wall_segment Palisade Wall x12 |
| 15:04 | Onkel Peter · age_up feudal |
| 15:10 | Inkencamilla · age_up feudal |
| 15:30 | boromir7222 · first_market_sell 100 food |
| 15:52 | Inkencamilla · wall_segment Stone Wall x2 |
| 16:14 | iletisimmehmetcn · age_up feudal |
| 16:43 | ouronur · wall_segment Stone Wall x5 |
| 17:19 | Filtravis · age_up castle |
| 17:37 | Inkencamilla · first_building Archery Range |
| 18:22 | boromir7222 · age_up castle |
| 20:10 | ouronur · age_up castle |
| 20:56 | Onkel Peter · age_up castle |
| 21:01 | Onkel Peter · first_building Castle |
| 21:02 | boromir7222 · first_building Castle |
| 21:04 | ouronur · first_market_sell 100 wood |
| 21:07 | ouronur · first_market_buy 100 stone |
| 21:55 | Filtravis · first_market_buy 100 stone |
| 22:03 | ouronur · first_building Castle |
| 22:38 | boromir7222 · first_building Barracks |
| 22:50 | Inkencamilla · age_up castle |
| 23:19 | Filtravis · first_market_sell 500 wood |
| 23:28 | Filtravis · first_building Castle |
| 24:55 | Onkel Peter · first_building Siege Workshop |
| 25:49 | Inkencamilla · first_building Castle |
| 26:18 | Onkel Peter · first_market_sell 100 wood |
| 26:19 | Onkel Peter · first_market_buy 100 stone |
| 26:25 | boromir7222 · age_up imperial |
| 27:24 | iletisimmehmetcn · age_up castle |
| 28:27 | Inkencamilla · first_market_buy 100 food |
| 28:52 | ouronur · first_building Monastery |
| 29:48 | Inkencamilla · wall_segment Stone Wall x4 |
| 30:08 | Filtravis · first_building Siege Workshop |
| 30:25 | ouronur · age_up imperial |
| 30:35 | Filtravis · first_building Barracks |
| 30:47 | Filtravis · age_up imperial |
| 31:50 | iletisimmehmetcn · first_building Monastery |
| 32:13 | ouronur · first_building Siege Workshop |
| 34:55 | ouronur · first_building Archery Range |
| 35:22 | boromir7222 · first_building Siege Workshop |
| 35:22 | Inkencamilla · age_up imperial |
| 38:53 | ouronur · resign |
[ AI ANALYSIS · 1 CREDIT ]
What really happened in this match?
Wolo.gg analyzes every decision: build order, eco, micro, common mistakes by bracket. Personalized analysis on WhatsApp or Discord in 30 seconds.
Civ guide
Teutons
Map guide
Pilgrims
Perfil
Jugador #24673614